 Dungeon Crawl Stone Soup version 0.28.0-53-g5a82cb258f (webtiles) character file.

Game seed: 6242812385443445711

9 Spoonbill the Skirmisher (level 2, -17/26 HPs)
             Began as a Draconian Monk on July 29, 2022.
             Killed by an exploding gnoll (36 damage)
             ... ignited by their inner flame
             ... on level 1 of the Dungeon.
             The game lasted 00:01:22 (247 turns).

Spoonbill the Skirmisher (Draconian Monk)            Turns: 247, Time: 00:01:23

Health: -17/26     AC:  4    Str: 13    XL:     2   Next: 3%
Magic:  2/2        EV: 12    Int: 10    God:
Gold:   0          SH:  0    Dex: 13    Spells: 1/1 levels left

rFire   . . .      SeeInvis .   a - +0 mace
rCold   . . .      Faith    .   (no shield)
rNeg    . . .      Spirit   .   (armour unavailable)
rPois   .          Reflect  .   (helmet restricted)
rElec   .          Harm     .   (no cloak)
rCorr   .          Rampage  .   (no gloves)
Will    .....                   (no boots)
Stlth   ++........              (no amulet)
HPRegen 0.08/turn               (no ring)
MPRegen 0.08/turn               (no ring)

@: no status effects
A: AC +4, unfitting armour, cold-blooded
a: no special abilities


You were on level 1 of the Dungeon.
You visited 1 branch of the dungeon, and saw 1 of its levels.

Inventory:

Hand Weapons
 a - a +0 mace (weapon)
Missiles
 c - 6 stones (quivered)


   Skills:
 + Level 3.4 Fighting
 + Level 3.2 Maces & Flails
 + Level 2.9 Dodging
 + Level 1.7 Stealth


You had one spell level left.
You didn't know any spells.
Your spell library was empty.

Dungeon Overview and Level Annotations

Branches:
Dungeon (1/15)

Altars:


Innate Abilities, Weirdness & Mutations

Your plain brown scales are hard. (AC +4)
You cannot fit into any form of body armour.
You are cold-blooded and may be slowed by cold attacks.


Message History

You throw a stone.
The stone hits the hobgoblin but does no damage.
The hobgoblin is lightly wounded.
Throw: 10 stones
Press: ? - help, Q - select action Shift-Dir - straight line, f/p - hobgoblin
Aim: a hobgoblin (lightly wounded, 57% to hit)
You throw a stone. The stone barely misses the hobgoblin.
You hit the hobgoblin.
You kill the hobgoblin!
You have reached level 2!
You start resting.
A gnoll comes into view. It is wielding a +0 club.
Okay, then.
As you read the scroll labelled CUH TAUMUVIN IGURO, it crumbles to dust.
The creatures around you are filled with an inner flame!
It was a scroll of immolation.
Throw: 9 stones
Press: ? - help, Q - select action Shift-Dir - straight line, f - gnoll
Aim: a gnoll, wielding a +0 club (wandering, inner flame, hasn't noticed you, 61% to hit)
You throw a stone. The gnoll shouts!
The stone hits the gnoll but does no damage.
Throw: 8 stones
Press: ? - help, Q - select action Shift-Dir - straight line, f/p - gnoll
Aim: a gnoll, wielding a +0 club (inner flame, 61% to hit)
You throw a stone. The stone barely misses the gnoll.
Throw: 7 stones
Press: ? - help, Q - select action Shift-Dir - straight line, f/p - gnoll
Aim: a gnoll, wielding a +0 club (inner flame, 61% to hit)
You throw a stone. The stone barely misses the gnoll.
You hit the gnoll but do no damage. The gnoll barely misses you.
You hit the gnoll but do no damage. The gnoll barely misses you.
You hit the gnoll.
Flame seeps out of the gnoll.
Your tail-slap misses the gnoll.
The gnoll is moderately wounded.
The gnoll is engulfed in blazing flames.
The gnoll explodes!
The fiery explosion engulfs you!!!
Ouch! That really hurt!
You die...

...... #..........
........##.........#
........##.........#
#.................#
###.......####.#.#### .
...........##..#.#
..####......#....##.##
.......§§§.((##..##..###
.#.....@○§...(#).#......
..$....§§§..(.†.........
.##......(...##.........
######.######..#......
#.......#..(......
#............(.....
#.......>.......(....
#................(...
......................


There were no monsters in sight!

Vanquished Creatures
  A gnoll (D:1)
  A bat (D:1)
  An endoplasm (D:1)
  A hobgoblin (D:1)
  3 jackals (D:1)
  A kobold (D:1)
8 creatures vanquished.

Notes
Turn   | Place    | Note
-------+----------+-------------------------------------------
     0 | D:1      | Spoonbill the Draconian Monk began the quest for the Orb.
     0 | D:1      | Reached XP level 1. HP: 19/19 MP: 1/1
   208 | D:1      | Reached XP level 2. HP: 16/26 MP: 2/2
   247 | D:1      | Killed by an exploding gnoll... ignited by their inner
                  | flame

Illustrated notes

Levels and vault maps discovered:
D:1:      eino_arrival_cavern_d, layout_rooms,
          hellmonk_ecumenical_altar_watching_god

Action                   || total
-------------------------++-------
Melee: Mace              ||    30
       Tailslap          ||     3
Throw: Stone             ||    17
  Use: Scroll            ||     1
Armor: Skin              ||    15
Dodge: Dodged            ||    23
